 Dungeon Crawl Stone Soup version 0.29-a0-1009-g60c99734e7 (webtiles) character file.

Game seed: 911197002421261833

1694 drpainis the Covert (level 8, -6/35 (37) HPs)
             Began as a Spriggan Enchanter on Aug 8, 2022.
             Was an Initiate of Dithmenos.
             Shot with an arrow by a centaur (8 damage)
             ... on level 5 of the Dungeon.
             The game lasted 00:13:06 (8662 turns).

drpainis the Covert (Spriggan Enchanter)            Turns: 8662, Time: 00:13:07

HP:   -6/35 (37)    AC:  2    Str:  4    XL:     8   Next: 72%
MP:   12/19         EV: 18    Int: 17    God:    Dithmenos [......]
Gold: 195           SH:  0    Dex: 17    Spells: 9/20 levels left

rFire   . . .      SeeInvis +   a - +1 dagger
rCold   . . .      Faith    .   (no shield)
rNeg    + . .      Spirit   .   b - +0 robe
rPois   +          Reflect  .   (helmet restricted)
rElec   .          Harm     .   (no cloak)
rCorr   .          Rampage  .   (gloves unavailable)
Will    +....                   (boots unavailable)
Stlth   ++++......              p - amulet of magic regeneration
HPRegen 0.11/turn               h - ring of positive energy
MPRegen 0.56/turn               w - ring of poison resistance

@: drained, invisible, very quick
A: very small, no large weapons, unfitting armour, see invisible, speed 3
a: Renounce Religion


You were on level 5 of the Dungeon.
You worshipped Dithmenos.
Dithmenos was noncommittal.
You visited 2 branches of the dungeon, and saw 6 of its levels.

You collected 195 gold pieces.

Inventory:

Hand Weapons
 a - a +1 dagger (weapon)
Missiles
 o - a throwing net (quivered)
 v - 11 poisoned darts
Armour
 b - a +0 robe (worn)
Jewellery
 h - a ring of positive energy (left hand)
 p - an amulet of magic regeneration (around neck)
 w - a ring of poison resistance (right hand)
Wands
 s - a wand of roots (12)
Scrolls
 d - a scroll of fear {unknown}
 f - 3 scrolls of identify {unknown}
 i - 2 scrolls of vulnerability {unknown}
 j - a scroll of enchant weapon {unknown}
 l - a scroll of summoning {unknown}
 n - 2 scrolls of teleportation {unknown}
 r - a scroll of blinking {unknown}
 u - a scroll of noise {unknown}
Potions
 c - a potion of invisibility
 e - 2 potions of curing {unknown}
 g - a potion of heal wounds {unknown}
 k - 2 potions of haste
 m - 2 potions of magic {unknown}
 q - 2 potions of attraction {unknown}
 t - a potion of lignification {unknown}


   Skills:
 + Level 1.1 Fighting
 + Level 3.8 Short Blades
 + Level 3.8 Dodging
 + Level 9.9 Stealth
 + Level 6.8 Spellcasting
 + Level 6.9 Hexes
 + Level 3.5 Ice Magic


You had 9 spell levels left.
You knew the following spells:

 Your Spells              Type           Power      Damage    Failure   Level
a - Ensorcelled Hibernat  Hex/Ice        46%        N/A       1%          2
b - Confusing Touch       Hex            29%        N/A       1%          3
c - Tukima's Dance        Hex            29%        N/A       1%          3
d - Dazzling Flash        Conj/Hex       34%        N/A       9%          3

Your spell library contained the following spells:

 Spells                   Type           Power      Damage    Failure   Level
 Portal Projectile        Hex/Tloc       34%        N/A       9%          3
 Blade Hands              Tmut           2%         N/A       97%         5
 Iskenderun's Battlesphe  Conj           5%         2d6       97%         5
 Iron Shot                Conj/Erth      2%         9d2       100%        6
 Spellforged Servitor     Conj/Summ      2%         N/A       100%        7


Dungeon Overview and Level Annotations

Branches:
Dungeon (5/15)             Temple (1/1) D:4

Altars:
Cheibriados
Dithmenos
Fedhas
Hepliaklqana
Makhleb
Ru
Trog
Uskayaw
Wu Jian
Xom
Yredelemnul
The Shining One

Annotations:
D:5 Eustachio


Innate Abilities, Weirdness & Mutations

You are very small and have problems with some larger weapons.
You are too small for most types of armour.
You have supernaturally acute eyesight. (SInv)
You cover ground extremely quickly. (Speed+++)


Message History

Aiming: Ensorcelled Hibernation (safe; 1% risk of failure)
Press: ? - help, Shift-Dir - straight line, f - orc wizard
Aim: an orc wizard, wielding a +0 dagger and wearing a +0 robe (wandering, hasn't noticed you, chance to affect: 55%)
The orc wizard shouts!
The orc wizard resists with significant effort.
Casting: Ensorcelled Hibernation (safe; 1% risk of failure)
Confirm with . or Enter, or press ? or * to list all spells.
Aiming: Ensorcelled Hibernation (safe; 1% risk of failure)
Press: ? - help, Shift-Dir - straight line, f/p - orc wizard
Aim: an orc wizard, wielding a +0 dagger and wearing a +0 robe (chance to affect: 55%)
The orc wizard resists with significant effort.
The orc wizard mumbles some strange words.
The orc wizard flickers and vanishes for a moment.
Casting: Ensorcelled Hibernation (safe; 1% risk of failure)
Confirm with . or Enter, or press ? or * to list all spells.
Aiming: Ensorcelled Hibernation (safe; 1% risk of failure)
Press: ? - help, Shift-Dir - straight line, f/p - orc wizard
Aim: an orc wizard, wielding a +0 dagger and wearing a +0 robe (slightly transparent, chance to affect: 55%)
The orc wizard resists with significant effort.
Casting: Ensorcelled Hibernation (safe; 1% risk of failure)
Confirm with . or Enter, or press ? or * to list all spells.
Aiming: Ensorcelled Hibernation (safe; 1% risk of failure)
Press: ? - help, Shift-Dir - straight line, f/p - orc wizard
Aim: an orc wizard, wielding a +0 dagger and wearing a +0 robe (slightly transparent, chance to affect: 55%)
The orc wizard resists with significant effort.
Found a stone staircase leading up.
The orc wizard hits you with a +0 dagger.
* * * LOW HITPOINT WARNING * * *
Casting: Ensorcelled Hibernation (safe; 1% risk of failure)
Confirm with . or Enter, or press ? or * to list all spells.
Aiming: Ensorcelled Hibernation (safe; 1% risk of failure)
Press: ? - help, Shift-Dir - straight line, f/p - orc wizard
Aim: an orc wizard, wielding a +0 dagger and wearing a +0 robe (slightly transparent, chance to affect: 55%)
The orc wizard looks drowsy...
The centaur shoots an arrow.
The arrow completely misses you.
The centaur shoots an arrow.
The arrow hits you!
* * * LOW HITPOINT WARNING * * *
You fade into invisibility!
The centaur shoots an arrow.
The arrow hits you!
You die...

......# #.#.#
.......'.#.#.#
.......#.#.#.# ##
.........#.#'####
..
................##
####
..................
...
........##....#.#
#.#
......o.'.c...#.##
#
.......@###...#..#
# # ........#
#.).#..###.# #
........#
#...#...... #
........#
#.....#.######
........#
#.......##...)
........<
#........#.###
........#
#...#....#.#
######'##
#...#....c.###
#####...#.....


You could see a centaur (unable to see you) and an orc wizard (invisible,
asleep).

Vanquished Creatures
  Pikel (D:5)
  Sigmund (D:3)
  A water moccasin (D:5)
  2 ogres
  Blork the orc (D:5)
  2 scorpions (D:5)
  2 necrophages (D:4)
  A hound (D:5)
  2 jellies
  3 iguanas
  Natasha (thrice) (D:3)
  5 orc wizards
  3 gnolls
  4 adders
  A white imp (D:5)
  A dart slug (D:2)
  5 orcs
  8 ball pythons
  11 bats
  4 endoplasms
  A giant cockroach (D:1)
  3 goblins
  8 hobgoblins
  5 jackals (D:2)
  2 quokkas
  4 frilled lizards
  4 kobolds
  4 rats
92 creatures vanquished.

Vanquished Creatures (collateral kills)
  A gnoll (D:3)
  A goblin (D:3)
2 creatures vanquished.

Vanquished Creatures (others)
  An orc wizard (D:4)
  3 plants (D:3)
4 creatures vanquished.

Grand Total: 98 creatures vanquished

Notes
Turn   | Place    | Note
-------+----------+-------------------------------------------
     0 | D:1      | drpainis the Spriggan Enchanter began the quest for the
                  | Orb.
     0 | D:1      | Reached XP level 1. HP: 9/9 MP: 5/5
   452 | D:1      | Reached XP level 2. HP: 13/13 MP: 6/6
   578 | D:1      | Reached skill level 5 in Stealth
   626 | D:1      | Noticed a great orb of eyes
   631 | D:1      | Noticed an eye of devastation
   633 | D:1      | Found a faded altar of an unknown god.
   636 | D:1      | Noticed a golden eye
   642 | D:1      | Noticed a floating eye
   728 | D:1      | Learned a level 2 spell: Ensorcelled Hibernation
   743 | D:1      | Reached XP level 3. HP: 16/16 MP: 2/8
  1688 | D:2      | Learned a level 3 spell: Confusing Touch
  1692 | D:2      | Learned a level 3 spell: Tukima's Dance
  2424 | D:3      | Found a glowing golden altar of the Shining One.
  3036 | D:4      | Reached XP level 4. HP: 8/21 MP: 4/9
  4415 | D:3      | Noticed Sigmund
  4444 | D:3      | Killed Sigmund
  4445 | D:3      | Reached skill level 6 in Stealth
  4445 | D:3      | Reached skill level 1 in Ice Magic
  4445 | D:3      | Reached XP level 5. HP: 20/25 MP: 6/11
  4445 | D:3      | Reached XP level 6. HP: 23/29 MP: 6/12
  4559 | D:3      | Noticed Natasha
  4567 | D:3      | Killed Natasha
  4586 | D:3      | Noticed Natasha
  4592 | D:3      | Killed Natasha
  4845 | D:3      | Noticed Natasha
  4853 | D:3      | Killed Natasha
  5177 | D:4      | Reached skill level 5 in Hexes
  5273 | D:4      | Reached skill level 7 in Stealth
  5393 | D:4      | Reached XP level 7. HP: 32/32 MP: 14/14
  5440 | D:4      | Found a staircase to the Ecumenical Temple.
  6339 | Temple   | Entered the Ecumenical Temple
  6355 | Temple   | Became a worshipper of Dithmenos the Shadowed
  6430 | D:5      | Entered Level 5 of the Dungeon
  7143 | D:5      | Noticed Pikel
  7156 | D:5      | Killed Pikel
  7157 | D:5      | Reached skill level 1 in Fighting
  7157 | D:5      | Reached skill level 8 in Stealth
  7157 | D:5      | Reached skill level 5 in Spellcasting
  7157 | D:5      | Reached XP level 8. HP: 22/37 MP: 11/17
  7266 | D:5      | Noticed Blork the orc
  7285 | D:5      | Killed Blork the orc
  7759 | D:5      | Reached skill level 9 in Stealth
  8607 | D:5      | Learned a level 3 spell: Dazzling Flash
  8636 | D:5      | Noticed Eustachio
  8662 | D:5      | Shot with an arrow by a centaur

Illustrated notes

Levels and vault maps discovered:
D:1:      roderic_dead_forest, layout_basic,
          hellmonk_ecumenical_altar_watching_god
D:2:      layout_rooms, serial_glass, glass_columns_a, glass_columns_c
D:3:      layout_basic, lemuel_tele_altar, serial_park_tiny_1, corner_web_ring,
          hangedman_decor_slide_cut, chequers_big_river, columned_hall_lemuel,
          eino_tiny_chamber, lightli_corner_chamber, uniq_sigmund, uniq_natasha
D:4:      layout_basic, temple_pool_b
D:5:      layout_basic, uniq_pikel, uniq_eustachio, uniq_blork_the_orc
Temple:   compressed_dpeg_triangle_lava_temple

Skill      XL: |  1  2  3  4  5  6  7  8 |
---------------+-------------------------+-----
Dodging        | 3 |  3.8
Stealth        | 5 6 7 8 9 |  9.9
Spellcasting   | 3 4 5 6 |  6.8
Short Blades   | 2 3 |  3.8
Hexes          | 4 5 6 |  6.9
Ice Magic      | 1 3 |  3.5
Fighting       | 1 |  1.1

Action                   |  1- 3 |  4- 6 |  7- 9 || total
-------------------------+-------+-------+-------++-------
Melee: Dagger            |   108 |    47 |    58 ||   213
       Punch             |     2 |     1 |       ||     3
 Cast: Ensorcelled Hiber |    21 |    18 |    54 ||    93
       Tukima's Dance    |       |     2 |     5 ||     7
       Confusing Touch   |       |       |     3 ||     3
  Use: Potion            |       |       |     1 ||     1
 Stab: Sleeping          |    23 |    13 |    26 ||    62
       Confused          |       |       |     1 ||     1
Armor: Robe              |    19 |     1 |     2 ||    22
Dodge: Dodged            |   129 |    32 |    35 ||   196

Table legend: (Time is in decaauts)
 A = Elapsed time spent in this place.
 B = Non-inter-level travel time spent in this place.
 C = Inter-level travel time spent in this place.
 D = Time resting spent in this place.
 E = Time spent auto-exploring this place.
 F = Levels seen in this place.
 G = Mean time per level.
                   A        B        C        D        E       F      G
               +--------+--------+--------+--------+--------+-----+--------+
         Total |   7250 |   7120 |    130 |   4252 |   1713 |   6 | 1208.3 |
       Dungeon |   7230 |   7100 |    130 |   4252 |   1713 |   5 | 1446.0 |
        Temple |     20 |     20 |      0 |      0 |      0 |   1 |   20.0 |
               +--------+--------+--------+--------+--------+-----+--------+

Top non-repeatable levels by time:
     D:4: 2556 daAuts
     D:3: 1910 daAuts
     D:1: 1296 daAuts
     D:5: 950 daAuts
     D:2: 516 daAuts
  Temple: 20 daAuts
